 Dungeon Crawl Stone Soup version 0.22.1-1-ga44c0e5 (webtiles) character file.

728 Starchild the Shield-Bearer (level 8, -3/58 HPs)
             Began as a Formicid Fighter on Oct 7, 2018.
             Was an Initiate of Cheibriados.
             Slain by an orc warrior
             ... wielding a +0 glaive
              (15 damage)
             ... on level 6 of the Dungeon.
             The game lasted 00:15:57 (4646 turns).

Starchild the Shield-Bearer (Formicid Fighter)      Turns: 4646, Time: 00:15:58

Health: -3/58      AC: 11    Str: 22    XL:     8   Next: 3%
Magic:  8/8        EV:  9    Int:  9    God:    Cheibriados [......]
Gold:   284        SH: 14    Dex: 13    Spells: 7/7 levels left

rFire    . . .     SeeInvis +   r - +3 falchion (vamp)
rCold    . . .     Gourm    .   c - +0 shield
rNeg     . . .     Faith    .   b - +0 scale mail
rPois    .         Spirit   .   (helmet unavailable)
rElec    .         Reflect  +   h - +0 cloak
rCorr    .         Harm     .   (no gloves)
MR       ++...                  v - +2 pair of boots
Stlth    ..........             l - +3 amulet of reflection
HPRegen  0.19/turn              p - ring of protection from magic
MPRegen  0.11/turn              A - ring of protection from magic

@: very slow
A: permanent stasis, dig shafts and tunnels, four strong arms, antennae 3
a: Dig, Shaft Self, Bend Time, Renounce Religion


You were on level 6 of the Dungeon.
You worshipped Cheibriados.
Cheibriados was noncommittal.
You were not hungry.

You visited 2 branches of the dungeon, and saw 7 of its levels.

You collected 284 gold pieces.

Inventory:

Hand Weapons
 r - a +3 vampiric falchion (weapon)
Missiles
 a - 57 sling bullets
 i - 189 stones
 m - 2 javelins
 o - 8 tomahawks (quivered)
Armour
 b - a +0 scale mail (worn)
 c - a +0 shield (worn)
 h - a +0 cloak (worn)
 v - a +2 pair of boots (worn)
Jewellery
 l - a +3 amulet of reflection (around neck)
 p - a ring of protection from magic (left hand)
 A - a ring of protection from magic (right hand)
 C - a +3 ring of protection
Wands
 y - a wand of polymorph (10)
Scrolls
 j - 4 scrolls of immolation
 u - 2 scrolls of remove curse
 x - a scroll of random uselessness {unknown}
 z - a scroll of amnesia {unknown}
Potions
 d - 2 potions of might
 e - 4 potions of curing {unknown}
 g - a potion of heal wounds
 n - 4 potions of agility {unknown}
 q - 3 potions of resistance {unknown}
 t - 2 potions of degeneration {unknown}
 w - a potion of haste {unknown}
Comestibles
 f - 5 rations


   Skills:
 - Level 3.2 Fighting
 + Level 6.1 Long Blades
 - Level 3.2 Armour
 * Level 7.9 Shields


You had 7 spell levels left.
You didn't know any spells.
Your spell library was empty.

Dungeon Overview and Level Annotations

Branches:
Dungeon (6/15)             Temple (1/1) D:4

Altars:
Ashenzari
Cheibriados
Dithmenos
Fedhas
Gozag
Hepliaklqana
Kikubaaqudgha
Makhleb
Nemelex Xobeh
Okawaru
Qazlal
Ru
Sif Muna
Trog
Uskayaw
Vehumet
Wu Jian
Xom
Yredelemnul
Zin
The Shining One
Lugonu


Innate Abilities, Weirdness & Mutations

You cannot be hasted, slowed, berserked, paralysed or teleported.
You can dig through walls and to a lower floor.
Your four strong arms can wield two-handed weapons with a shield.
You have a pair of large antennae on your head. (SInv)


Message History

You block the orc warrior's attack.
You hit the orc warrior but do no damage.
The orc warrior is severely wounded.
You block the orc warrior's attack.
You barely miss the orc warrior.
The orc warrior is severely wounded.
Your scale mail prevents you from hitting the orc warrior.
The orc warrior is severely wounded.
You block the orc warrior's attack.
You completely miss the orc warrior.
The orc warrior is severely wounded.
You block the orc warrior's attack.
You closely miss the orc warrior.
The orc warrior is severely wounded.
The orc warrior hits you with a glaive!
* * * LOW HITPOINT WARNING * * *
You hit the orc warrior but do no damage.
The orc warrior is severely wounded.
The orc warrior hits you with a glaive!
You die...

###########
#..<.......
#.######### #.# ###
#.# #o. #.# #o# #.#
#o# #.# #o# #.# #@#
##.###.#####.####..#
.....................
.##.###..............
..........#.####...
#.######...........
#.#####..# #.# ...
#.# #.


You could see an orc warrior, an orc wizard (invisible) and 2 orcs.

Vanquished Creatures
  An orc warrior (D:5)
  2 scorpions
  2 crimson imps (D:5)
  A bullfrog zombie (D:5)
  An orc priest (D:6)
  5 orc wizards
  2 iguanas (D:5)
  3 gnolls (D:2)
  8 adders
  4 worms
  3 leopard geckos
  17 orcs
  6 giant cockroaches
  8 goblins
  7 hobgoblins
  6 jackals
  A ball python skeleton (D:4)
  8 bats
  7 frilled lizards
  7 kobolds
  6 rats
105 creatures vanquished.

Notes
Turn   | Place    | Note
-------+----------+-------------------------------------------
     0 | D:1      | Starchild the Formicid Fighter began the quest for the Orb.
     0 | D:1      | Reached XP level 1. HP: 18/18 MP: 1/1
   141 | D:1      | Reached skill level 4 in Shields
   141 | D:1      | Reached XP level 2. HP: 17/24 MP: 2/2
   550 | D:1      | Reached XP level 3. HP: 29/29 MP: 3/3
   999 | D:2      | Reached XP level 4. HP: 18/35 MP: 4/4
  1173 | D:2      | Found an opulent altar of Gozag.
  1299 | D:2      | Found an ancient bone altar of Kikubaaqudgha.
  1312 | D:2      | Reached skill level 5 in Shields
  1452 | D:2      | Reached XP level 5. HP: 34/41 MP: 5/5
  1523 | D:2      | Found a burning altar of Makhleb.
  1885 | D:3      | Found a blossoming altar of Fedhas.
  1886 | D:3      | Found a shattered altar of Ashenzari.
  1900 | D:3      | Found a hide-covered altar of Uskayaw.
  2675 | D:4      | Found a staircase to the Ecumenical Temple.
  2699 | D:4      | Reached XP level 6. HP: 47/47 MP: 6/6
  2706 | Temple   | Entered the Ecumenical Temple
  2815 | D:4      | Reached skill level 6 in Shields
  2942 | D:4      | Found a glowing silver altar of Zin.
  2945 | D:4      | Found a sparkling altar of Nemelex Xobeh.
  2948 | D:4      | Found a shadowy altar of Dithmenos.
  3396 | D:4      | Found a sacrificial altar of Ru.
  3442 | D:4      | Found a snail-covered altar of Cheibriados.
  3450 | D:4      | Became a worshipper of Cheibriados the Contemplative
  3662 | D:5      | Entered Level 5 of the Dungeon
  3712 | D:5      | Reached skill level 5 in Long Blades
  3712 | D:5      | Reached XP level 7. HP: 49/52 MP: 7/7
  3752 | D:5      | Found a basalt altar of Yredelemnul.
  3962 | D:5      | Reached skill level 7 in Shields
  4083 | D:5      | Found a shadowy altar of Dithmenos.
  4630 | D:6      | Reached XP level 8. HP: 58/58 MP: 8/8
  4646 | D:6      | Slain by an orc warrior

Skill      XL: |  1  2  3  4  5  6  7 |
---------------+----------------------+-----
Shields        | 4 5 6 7 |  7.9
Long Blades    | 3 4 5 6 |  6.1
Fighting       | |  3.2
Armour         | |  3.2

Action                   |  1- 3 |  4- 6 |  7- 9 || total
-------------------------+-------+-------+-------++-------
Melee: Long sword        |    77 |    75 |       ||   152
       Falchion          |       |   159 |   147 ||   306
Throw: Tomahawk          |       |       |     8 ||     8
 Abil: Dig               |       |     3 |     1 ||     4
  Use: Potion            |     1 |       |     1 ||     2
       Scroll            |       |       |     4 ||     4
 Stab: Paralysed         |       |     1 |       ||     1
  Eat: Chunk             |       |     7 |     3 ||    10
       Ration            |       |     2 |     1 ||     3
Armor: Scale mail        |    35 |    65 |    22 ||   122
Dodge: Dodged            |    26 |    45 |    18 ||    89
Block: Shield            |    48 |   158 |    76 ||   282
       Reflection        |       |     3 |       ||     3
       Rpst.: Long sword |     8 |     6 |       ||    14
       Falchion          |       |     8 |     7 ||    15
